 Dungeon Crawl Stone Soup version 0.28-a0-872-g80cf8599ee (webtiles) character file.

Game seed: 5740176907124146790

22 sanka the Chopper (level 2, -1/25 HPs)
             Began as a Palentonga Abyssal Knight on Nov 20, 2021.
             Was a Believer of Lugonu.
             Slain by a quokka (3 damage)
             ... on level 2 of the Dungeon.
             The game lasted 00:01:09 (973 turns).

sanka the Chopper (Palentonga Abyssal Knight)        Turns: 973, Time: 00:01:10

Health: -1/25      AC:  4    Str: 16    XL:     2   Next: 68%
Magic:  3/3        EV:  9    Int: 10    God:    Lugonu [**....]
Gold:   36         SH:  0    Dex: 10    Spells: 1/1 levels left

rFire   . . .      SeeInvis +   a - +1 hand axe
rCold   . . .      Faith    .   (no shield)
rNeg    . . .      Spirit   .   b - +0 leather armour
rPois   .          Reflect  .   (no helmet)
rElec   .          Harm     .   (no cloak)
rCorr   .          Rampage  .   (no gloves)
Will    .....                   (no barding)
Stlth   +.........              (no amulet)
HPRegen 0.08/turn               (no ring)
MPRegen 0.08/turn               (no ring)

@: no status effects
A: large, rugged brown scales 3, see invisible, deformed body, roll 1, armoured
tail
a: Rolling Charge, Renounce Religion, Depart the Abyss, Bend Space


You were on level 2 of the Dungeon.
You worshipped Lugonu.
Lugonu was pleased with you.
You visited 1 branch of the dungeon, and saw 2 of its levels.
You visited the Abyss 1 time.

You collected 36 gold pieces.


Innate Abilities, Weirdness & Mutations

You are completely covered in rugged brown scales. (AC +3, +7% HP)
You have supernaturally acute eyesight. (SInv)
Armour fits poorly on your strangely shaped body.
You can roll at nearby foes to attack.
You have a long armoured tail.


   Skills:
 - Level 3.0 Fighting
 + Level 3.3 Axes
 - Level 1.5 Armour
 - Level 0.7 Dodging
 - Level 2.0 Invocations


You had one spell level left.
You didn't know any spells.
Your spell library contained the following spells:

 Spells                   Type           Power      Damage    Failure   Level
 Corpse Rot               Necr/Air       0%         N/A       56%         2
 Poisonous Vapours        Pois/Air       0%         N/A       56%         2

Inventory:

Hand Weapons
 a - a +1 hand axe (weapon)
Armour
 b - a +0 leather armour (worn)
Magical Staves
 g - a staff of earth
Scrolls
 c - a scroll of teleportation {unknown}
 d - a scroll of immolation {unknown}
 f - a scroll of identify {unknown}
Potions
 e - a potion of heal wounds {unknown}

Dungeon Overview and Level Annotations

Branches:
Dungeon (2/15)

Altars:

Shops:
D:1

[ ▒....▒ .▒
▒..▒▒▒▒▒▒.▒
▒▒........▒
▒.w......▒
▒........▒
▒........▒▒
▒..g.......
▒..r.....▒
▒▒▒H▒▒▒▒.▒
▒..▒ ▒.▒
▒▒.▒▒▒.▒
▒▒▒▒▒▒..▒▒.▒
..........▒.▒
▒▒▒▒▒▒▒▒..▒.▒
▒........▒.▒
▒.▒▒<....▒.▒
▒)▒▒▒▒▒▒...▒


You could see a dart slug, a quokka and a hobgoblin.


Message History

You kill the kobold!
Lugonu accepts your kill. The hobgoblin hits you.
* * * LOW HITPOINT WARNING * * *
The quokka bites you.
* * * LOW HITPOINT WARNING * * *
You barely miss the hobgoblin.
The hobgoblin is severely wounded.
You closely miss the quokka. The hobgoblin hits you.
* * * LOW HITPOINT WARNING * * *
The quokka bites you but does no damage.
Unknown command.
You closely miss the hobgoblin.
The hobgoblin is severely wounded.
You barely miss the quokka. The quokka closely misses you.
The hobgoblin barely misses you. The quokka bites you.
* * * LOW HITPOINT WARNING * * *
Unknown command.
You hit the hobgoblin but do no damage.
The hobgoblin is severely wounded.
You closely miss the quokka. The hobgoblin barely misses you.
The quokka bites you but does no damage.
Unknown command.
The hobgoblin closely misses you. The quokka bites you.
You die...

Action                   || total
-------------------------++-------
Melee: Hand axe          ||    46
       Tailslap          ||     5
 Abil: Rolling Charge    ||     2
Armor: Leather armour    ||    29
Dodge: Dodged            ||    27

Levels and vault maps discovered:
D:1:      lightli_arrival_lavapool, layout_loops_cross, serial_shops,
          nicolae_shop_waterfront, ebering_ecumenical_altar_hall
D:2:      layout_basic

Notes
Turn   | Place    | Note
-------+----------+-------------------------------------------
     0 | Abyss:1  | sanka the Palentonga Abyssal Knight began the quest for the
                  | Orb.
     0 | Abyss:1  | Reached XP level 1. HP: 19/19 MP: 2/2
    33 | D:1      | Escaped the Abyss
   182 | D:1      | Reached XP level 2. HP: 6/25 MP: 3/3
   473 | D:1      | Reached skill level 3 in Axes
   535 | D:1      | Found Bemuown's Armour Boutique.
   778 | D:1      | Found a faded altar of an unknown god.
   960 | D:2      | Reached ** piety under Lugonu
   964 | D:2      | HP: 1/25 [quokka (4)]
   973 | D:2      | Slain by a quokka

Vanquished Creatures
  2 endoplasms
  A goblin (D:1)
  4 hobgoblins
  2 jackals (D:1)
  4 ball pythons (D:1)
  2 bats (D:1)
  A frilled lizard (D:2)
  2 kobolds
  3 rats (D:1)
21 creatures vanquished.
